 Dungeon Crawl Stone Soup version 0.19-a0-1714-gcab94ab (webtiles) character file.

116 Ijustatesigmund the Sneak (level 4, 0/22 HPs)
             Began as a Spriggan Assassin on Sept 28, 2016.
             Slain by an adder (2 damage)
             ... on level 3 of the Dungeon.
             The game lasted 00:06:17 (2649 turns).

Ijustatesigmund the Sneak (Spriggan Assassin)       Turns: 2649, Time: 00:06:19

Health: 0/22       AC:  5    Str:  7    XL:     4   Next: 69%
Magic:  5/5        EV: 10    Int: 12    God:
Gold:   214        SH:  0    Dex: 18    Spells: 0 memorised, 3 levels left

rFire  . . .     SeeInvis +     k - +1 dagger (venom)
rCold  . . .     Gourm    .     c - +0 robe
rNeg   . . .     Faith    .     (shield restricted)
rPois  .         Spirit   .     (helmet restricted)
rElec  .         Dismiss  .     d - +1 cloak
rCorr  .         Reflect  .     (gloves unavailable)
MR     .....     Harm     .     (boots unavailable)
Stlth  ++++......               (no amulet)
                                (no ring)
                                (no ring)

@: held, very quick
A: unfitting armour, see invisible, herbivore 3, speed 3, slow metabolism 2
a: no special abilities


You were on level 3 of the Dungeon.
You were not hungry.

You visited 1 branch of the dungeon, and saw 3 of its levels.

You collected 214 gold pieces.

Inventory:

Hand Weapons
 a - a +2 dagger
 b - a +0 blowgun
 k - a +1 dagger of venom (weapon)
Missiles
 e - 40 poisoned needles
 f - 2 curare-tipped needles
 p - a throwing net (quivered)
Armour
 c - a +0 robe (worn)
 d - a +1 cloak (worn)
Scrolls
 l - a scroll of fog
 m - a scroll of remove curse
Potions
 h - 4 potions of flight
 i - 2 potions of haste
 j - a potion of heal wounds
 n - a potion of curing {unknown}
 o - a potion of ambrosia
Comestibles
 g - 3 bread rations


   Skills:
 - Level 1.5 Fighting
 + Level 3.8 Short Blades
 - Level 2.0 Throwing
 + Level 3.8 Dodging
 + Level 7.0 Stealth


You had 3 spell levels left.
You didn't know any spells.

Dungeon Overview and Level Annotations

Branches:
Dungeon (3/15)

Altars:


Innate Abilities, Weirdness & Mutations

You are very small and have problems with some larger weapons.
You are too small for most types of armour.
You have supernaturally acute eyesight. (SInv)
You are a herbivore.
You cover ground extremely quickly.
You need consume almost no food.


Message History

Your Stealth skill increases to level 7!
You hit the gnoll.
The gnoll is poisoned.
The gnoll is moderately wounded.
The gnoll completely misses you.
You barely miss the gnoll.
The gnoll is moderately wounded.
You hit the gnoll but do no damage.
The gnoll looks as sick as possible!
The gnoll is moderately wounded.
The gnoll closely misses you.
The gnoll throws a throwing net.
The throwing net hits you.
You become entangled in the net!
Okay, then.
You tear a large gash into the net.
The gnoll completely misses you.
You struggle against the net.
The gnoll barely misses you.
You struggle against the net.
You kill the gnoll!
The gnoll hits you with a halberd!
Ouch! That really hurt!
* * * LOW HITPOINT WARNING * * *
The adder bites you.
You die...

... ......#.# ...
........# #.#.. .
........# #§#.##.
........#
#§#.#.#+##+##+#.#
##§#.#....#.##.#.#
§§§#.#.#.##.##.#.#
§§§#...#.##.##.#S#
...#........##.#@#
##.#<..........g.#
.............>......#
.#........###########
.#.........)...#
##....#######.#
#.......####.####
................#
....#........##.########


You could see a gnoll and an adder.

Vanquished Creatures
  2 adders (D:2)
  2 gnolls (D:3)
  2 worms (D:2)
  A dart slug (D:3)
  4 leopard geckos
  2 ball pythons
  3 bats (D:1)
  3 giant cockroaches
  3 goblins
  7 hobgoblins
  11 jackals
  A quokka (D:2)
  8 frilled lizards
  10 kobolds
  7 rats
  2 toadstools (D:1)
68 creatures vanquished.

Vanquished Creatures (others)
  2 toadstools (D:1)
2 creatures vanquished.

Grand Total: 70 creatures vanquished

Notes
Turn   | Place    | Note
-------+----------+-------------------------------------------
     0 | D:1      | Ijustatesigmund the Spriggan Assassin began the quest for the Orb.
     0 | D:1      | Reached XP level 1. HP: 10/10 MP: 2/2
    64 | D:1      | Reached skill level 6 in Stealth
   318 | D:1      | Reached XP level 2. HP: 13/14 MP: 3/3
   918 | D:1      | Reached XP level 3. HP: 15/18 MP: 4/4
  1509 | D:2      | Found a faded altar of an unknown god.
  1946 | D:2      | Reached XP level 4. HP: 21/22 MP: 5/5
  2643 | D:3      | Reached skill level 7 in Stealth
  2649 | D:3      | Slain by an adder

Vault maps used:
D:1:      ldierk_water_garden
D:2:      ecumenical_altar_2, minmay_pentomino_v4

Skill      XL: |  1  2  3  4 |
---------------+-------------+-----
Stealth        | 6 7 |  7.0
Dodging        | 2 3 |  3.8
Short Blades   | 3 |  3.8
Fighting       | |  1.5
Throwing       | |  2.0

Action                   |  1- 3 |  4- 6 || total
-------------------------+-------+-------++-------
Melee: Dagger            |   194 |    45 ||   239
 Fire: Blowgun           |     8 |       ||     8
  Use: Scroll            |     4 |     6 ||    10
       Potion            |       |     1 ||     1
 Stab: Sleeping          |    10 |     8 ||    18
       Distracted        |     1 |       ||     1
Armor: Robe              |    42 |     6 ||    48
Dodge: Dodged            |   147 |    28 ||   175
